 Dungeon Crawl Stone Soup version 0.29.1-15-g9cfb28693d (webtiles) character file.

Game seed: 16313829094744558105

16 javelincjr the Magician (level 2, -1/19 HPs)
             Began as a Demonspawn Hedge Wizard on May 1, 2023.
             Was a Follower of Cheibriados.
             Slain by a hobgoblin (3 damage)
             ... on level 1 of the Dungeon.
             The game lasted 00:02:45 (600 turns).

javelincjr the Magician (Demonspawn Hedge Wizard)    Turns: 600, Time: 00:02:46

Health: -1/19      AC:  2    Str: 12    XL:     2   Next: 37%
Magic:  6/6        EV: 12    Int: 17    God:    Cheibriados [*.....]
Gold:   37         SH:  0    Dex: 14    Spells: 6/7 levels left

rFire   . . .      SeeInvis .   a - +0 dagger
rCold   . . .      Faith    .   (no shield)
rNeg    . . .      Spirit   .   b - +0 robe
rPois   .          Reflect  .   c - +0 hat
rElec   .          Harm     .   (no cloak)
rCorr   .          Rampage  .   (no gloves)
Will    .....                   (no boots)
Stlth   ++........              (no amulet)
HPRegen 0.06/turn               (no ring)
MPRegen 0.10/turn               (no ring)

@: very slow
A: antennae 1
a: Renounce Religion, Bend Time


You were on level 1 of the Dungeon.
You worshipped Cheibriados.
Cheibriados was aware of your devotion.
You visited 1 branch of the dungeon, and saw 1 of its levels.

You collected 37 gold pieces.

Inventory:

Hand Weapons
 a - a +0 dagger (weapon)
Armour
 b - a +0 robe (worn)
 c - a +0 hat (worn)
Scrolls
 e - a scroll of noise {unknown}
 f - a scroll of blinking {unknown}
 h - a scroll of enchant weapon {unknown}
Potions
 d - a potion of magic
 g - a potion of haste {unknown}


   Skills:
 + Level 2.0 Dodging
 + Level 1.9 Stealth
 + Level 3.1 Spellcasting
 + Level 1.3 Conjurations
 + Level 1.2 Summonings
 + Level 1.1 Translocations


You had 6 spell levels left.
You knew the following spells:

 Your Spells              Type           Power      Damage    Failure   Level
a - Magic Dart            Conj           28%        1d4       10%         1

Your spell library contained the following spells:

 Spells                   Type           Power      Damage    Failure   Level
 Call Imp                 Summ           7%         N/A       16%         2
 Slow                     Hex            8%         N/A       17%         1
 Blink                    Tloc           12%        N/A       17%         2
 Conjure Flame            Conj/Fire      4%         6-21      36%         3
 Mephitic Cloud           Conj/Pois/Air  4%         N/A       41%         3


Dungeon Overview and Level Annotations

Branches:
Dungeon (1/15)

Altars:
Cheibriados


Innate Abilities, Weirdness & Mutations

You have a pair of small antennae on your head.


Message History

Cheibriados appreciates the change of pace.
You see here a quokka corpse.
A hobgoblin comes into view.
The hobgoblin shouts!
A giant cockroach comes into view.
A frilled lizard comes into view.
The frilled lizard hisses angrily.
The hobgoblin hits you.
You hit the hobgoblin but do no damage.
The hobgoblin hits you but does no damage.
You hit the hobgoblin.
The hobgoblin is heavily wounded.
The hobgoblin closely misses you.
You hit the hobgoblin but do no damage.
The hobgoblin is heavily wounded.
The hobgoblin hits you.
You hit the hobgoblin but do no damage.
The hobgoblin is heavily wounded.
The hobgoblin closely misses you.
You hit the hobgoblin.
The hobgoblin is almost dead.
The hobgoblin hits you.
You are too injured to fight recklessly!
You are too injured to fight recklessly!
You are too injured to fight recklessly!
You are too injured to fight recklessly!
You hit the hobgoblin but do no damage.
The hobgoblin is severely wounded.
The hobgoblin hits you.
* * * LOW HITPOINT WARNING * * *
You closely miss the hobgoblin.
The hobgoblin is severely wounded.
The hobgoblin hits you.
* * * LOW HITPOINT WARNING * * *
You barely miss the hobgoblin.
The hobgoblin is severely wounded.
The hobgoblin completely misses you.
You closely miss the hobgoblin.
The hobgoblin is severely wounded.
The hobgoblin hits you.
You die...

##### ...#
#.##############
#.#######...............
....Blg@................
#.#.#####.####....#.#.#.
#.# #....#.#.#. #.#
#....#.#... #
#.####....#.....
#.#####.##............
........#####..##.#.#.
............)..)......
.#.....#####..##.....


You could see a giant cockroach, a hobgoblin and a frilled lizard.

Vanquished Creatures
  2 dart slugs (D:1)
  2 giant cockroaches (D:1)
  2 kobolds (D:1)
  A quokka (D:1)
  A frilled lizard (D:1)
  A goblin (D:1)
  4 rats (D:1)
13 creatures vanquished.

Notes
Turn   | Place    | Note
-------+----------+-------------------------------------------
     0 | D:1      | javelincjr the Demonspawn Hedge Wizard began the quest for
                  | the Orb.
     0 | D:1      | Reached XP level 1. HP: 13/13 MP: 4/4
    98 | D:1      | Reached skill level 1 in Translocations
   232 | D:1      | Discovered your monstrous ancestry.
   232 | D:1      | Gained mutation: You have a pair of small antennae on your
                  | head. [demonic ancestry]
   232 | D:1      | Reached XP level 2. HP: 19/19 MP: 0/6
   372 | D:1      | Found a faded altar of an unknown god.
   378 | D:1      | Prayed at the altar of an unknown god.
   378 | D:1      | Became a worshipper of Cheibriados the Contemplative
   378 | D:1      | Reached * piety under Cheibriados
   600 | D:1      | Slain by a hobgoblin

Illustrated notes

Levels and vault maps discovered:
D:1:      lemuel_arrival_hallway, layout_basic, ebering_ecumenical_altar_webs

Skill      XL: |  1 |
---------------+----+-----
Translocations | 1 |  1.1
Dodging        | 2 |  2.0
Stealth        | |  1.9
Spellcasting   | |  3.1
Conjurations   | |  1.3
Summonings     | |  1.2

Action                   || total
-------------------------++-------
Melee: Dagger            ||    22
 Cast: Magic Dart        ||    21
 Stab: Sleeping          ||     3
Armor: Robe              ||     6
Dodge: Dodged            ||     9
